 Dungeon Crawl Stone Soup version 0.17-a0-977-g4154171 (webtiles) character file.

68 Hanyuu the Insei (level 4, -1/28 HPs)
             Began as an Octopode Transmuter on May 10, 2015.
             Slain by a goblin
             ... wielding a +0 dagger
             ... led by Robin
              (6 damage)
             ... on level 2 of the Dungeon.
             The game lasted 00:06:14 (2192 turns).

Hanyuu the Insei (Octopode Transmuter)              Turns: 2192, Time: 00:06:14

Health: -1/28      AC:  1    Str:  9    XL:     4   Next: 19%
Magic:  3/7        EV: 12    Int: 16    God:
Gold:   41         SH:  0    Dex: 12    Spells: 3 memorised, 1 level left

rFire  . . .     SeeInvis .       - Unarmed
rCold  . . .     Clarity  +     (no shield)
rNeg   . . .     SustAb   .     (helmet restricted)
rPois  .         Gourm    .     g - amulet of clarity
rElec  .         Spirit   .     (no ring)
rCorr  .         Warding  .     (no ring)
rMut   .         Stasis   .     (no ring)
MR     .....                    (no ring)
Stlth  ++........               (no ring)
                                (no ring)
                                (no ring)
                                (no ring)

@: very slightly contaminated, not resistant to hostile enchantments, unstealthy
A: almost no armour, amphibious, 8 rings, constrict 8, camouflage 1, gelatinous
body 1
a: no special abilities


You were on level 2 of the Dungeon.
You were not hungry.

You visited 1 branch of the dungeon, and saw 2 of its levels.

You collected 41 gold pieces.

Inventory:

Missiles
 a - 12 arrows
 e - 2 throwing nets (quivered)
Jewellery
 g - an amulet of clarity (around mantle)
Scrolls
 f - 2 scrolls of immolation
 l - a scroll of identify {unknown}
Potions
 h - a potion of flight {unknown}
 j - a potion of might {unknown}
 k - a potion of haste {unknown}
Books
 b - a book of Changes

   Spells                             Type                      Level
   a - Beastly Appendage              Transmutation                1
   b - Sticks to Snakes               Transmutation                2
   c - Spider Form                    Transmutation/Poison         3
   d - Ice Form                       Ice/Transmutation            4
   e - Blade Hands                    Transmutation                5
Comestibles
 c - a bread ration


   Skills:
 - Level 1.0 Fighting
 - Level 2.0 Dodging
 + Level 4.9 Unarmed Combat
 - Level 2.0 Spellcasting
 - Level 2.0 Transmutations


You had one spell level left.
You knew the following spells:

 Your Spells              Type           Power        Failure   Level  Hunger
a - Beastly Appendage     Trmt           #.....       10%         1    #......
b - Sticks to Snakes      Trmt           #.........   14%         2    ###....
c - Spider Form           Trmt/Pois      #.........   38%         3    ###....


Dungeon Overview and Level Annotations

Branches:
Dungeon (2/15)

Altars:
Cheibriados

Annotations:
D:2 Robin, Sigmund


Innate Abilities, Weirdness & Mutations

You cannot wear most types of armour.
You are amphibious.
You can wear up to eight rings at the same time.
You can use your tentacles to constrict eight enemies at once.
Your skin changes colour to match your surroundings (Stealth).
Your rubbery body absorbs attacks (AC +1).


Message History

You are very lightly contaminated with residual magic.
As you read the scroll labeled EJICUGRUAG, it crumbles to dust.
It was a scroll of blinking.
Your transformation is almost over.
You feel yourself speed up.
Your transformation has ended.
A gnoll comes into view. It is wielding a spear of freezing.
A gnoll comes into view. It is wielding a spear.
The gnoll shouts!
Casting: Spider Form
Confirm with . or Enter, or press ? or * to list all spells.
You miscast Spider Form.
Waves of light ripple over your body.
The gnoll shouts!
All of the chunks of flesh in your inventory have rotted away.
Casting: Spider Form
Confirm with . or Enter, or press ? or * to list all spells.
You don't have enough magic to cast that spell.
A gnoll comes into view. It is wielding a halberd.
You open the door. The goblin hits you with a dagger.
You die...

.......................'....
..@#########...............#####
#>.........'...............#
#.##########..........[....#
##.## #...............# ....#
#.........#.#####
....#########.........#.#
....gg.....#####'#....#.# #
.....#####g#####@#....#.# #
...g.#.....g.g.#g#....#.# #
.....###.#.###.#g#......# #
...(.# #.#...#g#g#......# #####
...(.# #.#.#.#.#..#.....#####....
...gg###.#.#.#.##.#.....#........
.........#'#'#.##..####+#........
##'###...........................
..g..............................


You could see 2 gnolls and a goblin.

Vanquished Creatures
  2 adders (D:2)
  5 giant cockroaches
  6 goblins
  7 hobgoblins
  3 jackals (D:1)
  3 kobolds
  A quokka (D:2)
  A ball python (D:2)
  A bat (D:1)
  12 giant newts
  8 rats
49 creatures vanquished.

Notes
Turn   | Place    | Note
--------------------------------------------------------------
     0 | D:1      | Hanyuu, the Octopode Transmuter, began the quest for the Orb.
     0 | D:1      | Reached XP level 1. HP: 13/13 MP: 3/3
    80 | D:1      | Reached XP level 2. HP: 6/18 MP: 5/5
    84 | D:1      | Learned a level 2 spell: Sticks to Snakes
   729 | D:1      | Reached skill level 4 in Unarmed Combat
   747 | D:1      | Reached XP level 3. HP: 19/23 MP: 6/6
   752 | D:1      | Learned a level 3 spell: Spider Form
  1098 | D:1      | Found a snail-covered altar of Cheibriados.
  1770 | D:2      | Noticed Sigmund
  1844 | D:2      | Reached XP level 4. HP: 25/28 MP: 7/7
  2159 | D:2      | Noticed Robin
  2192 | D:2      | Slain by a goblin

Vault maps used:
D:1:      dpeg_arrival_tiny_i, cheibriados_altar_1
D:2:      minmay_newt_pond, uniq_sigmund, uniq_robin

Action                   |  1- 3 |  4- 6 || total
-------------------------+-------+-------++-------
Melee: Unarmed           |    79 |    32 ||   111
 Cast: Beastly Appendage |     1 |       ||     1
       Spider Form       |     1 |     2 ||     3
  Use: Scroll            |     3 |     1 ||     4
 Stab: Sleeping          |     2 |       ||     2
  Eat: Chunk             |     3 |     1 ||     4
